 Dungeon Crawl Stone Soup version 0.19-a0-1875-g4fea3da (webtiles) character file.

192352 esc the Warrior (level 17, -1/171 HPs)
             Began as a Minotaur Berserker on Oct 13, 2016.
             Was the Champion of Trog.
             Slain by a torpor snail (11 damage)
             ... on level 4 of the Spider Nest.
             The game lasted 01:08:10 (19912 turns).

esc the Warrior (Minotaur Berserker)               Turns: 19912, Time: 01:08:11

Health: -1/171     AC: -1    Str: 25    XL:     17   Next: 60%
Magic:  16/16      EV: 25    Int:  3    God:    Trog [******]
Gold:   1227       SH:  0    Dex: 15    Spells: 0 memorised, 16 levels left

rFire  . . .     SeeInvis .     T - +5 executioner's axe (protect)
rCold  + . .     Gourm    .     H - +2 robe of Vines {NoDeviceHeal Regen+7}
rNeg   + . .     Faith    .     (shield currently unavailable)
rPois  +         Spirit   .     b - +2 hat
rElec  .         Dismiss  .     V - +2 ratskin cloak {rPois rN+ Int-1 Dex-1}
rCorr  .         Reflect  .     G - +2 pair of gloves
MR     ++...     Harm     .     i - +0 pair of boots "Sourch" {*Drain Regen+ Slay+2}
Stlth  +.........               o - amulet of regeneration {+regen, !d}
                                n - ring of protection from cold {rC+, !d}
                                J - ring of protection from magic {MR+, !d}

@: confused, about to teleport, corroded, protection aura, very slightly
contaminated, slowed, drained, very slow
A: retaliatory headbutt, horns 2, strong 1, wild magic 1, MP-powered wands
a: Berserk, Trog's Hand, Brothers in Arms, Burn Spellbooks, Renounce Religion
}: 1/15 runes: decaying


You were on level 4 of the Spider Nest.
You worshipped Trog.
Trog was exalted by your worship.
You were not hungry.

You visited 5 branches of the dungeon, and saw 25 of its levels.

You collected 2411 gold pieces.
You spent 1184 gold pieces at shops.

Inventory:

Hand Weapons
 p - a +1 scimitar of flaming
   (You took it off Azrael on level 3 of the Spider Nest)
 T - a +5 executioner's axe of protection (weapon)
   (Trog gifted it to you on level 2 of the Swamp)
 Z - a +4 antimagic battleaxe
   (Trog gifted it to you on level 1 of the Spider Nest)
Missiles
 f - 512 stones (quivered)
 k - 2 throwing nets {=f, !d}
 q - 121 poisoned needles
 I - 6 javelins
Armour
 b - a +2 hat (worn)
   (You found it on level 2 of the Lair of Beasts)
 i - the +0 pair of boots "Sourch" (worn) {*Drain Regen+ Slay+2}
   (You found it on level 8 of the Dungeon)

   It affects your accuracy and damage with ranged weapons and melee attacks
   (+2).
   It increases your rate of regeneration.
   It causes draining when unequipped.
 G - a +2 pair of gloves (worn)
   (You found it on level 8 of the Dungeon)
 H - the +2 robe of Vines (worn) {NoDeviceHeal Regen+7}
   (You bought it in a shop on level 5 of the Dungeon)

   It increases your rate of regeneration.
 U - the cursed +0 robe "Wotidghuc" {rF+ rC+ Regen+ Stlth+}
   (You found it on level 3 of the Swamp)

   It protects you from fire.
   It protects you from cold.
   It increases your rate of regeneration.
   It makes you more stealthy.
   It has a curse placed upon it.
 V - the +2 ratskin cloak (worn) {rPois rN+ Int-1 Dex-1}
   (You found it on level 3 of the Swamp)

   It affects your intelligence (-1).
   It affects your dexterity (-1).
   It protects you from poison.
   It protects you from negative energy.
Jewellery
 n - a ring of protection from cold (right hand) {rC+, !d}
   (You found it on level 2 of the Spider Nest)
 o - an amulet of regeneration (around neck) {+regen, !d}
   (You found it on level 6 of the Dungeon)
 y - an uncursed ring of ice {rC+, rF-}
   (You found it on level 3 of the Lair of Beasts)
 C - a +2 ring of strength {unknown}
   (You found it on level 3 of the Spider Nest)
 F - an uncursed ring of stealth {Stlth+}
   (You found it on level 8 of the Dungeon)
 J - a ring of protection from magic (left hand) {MR+, !d}
   (You found it on level 1 of the Lair of Beasts)
 K - an uncursed ring of protection from magic {MR+, !d}
   (You found it on level 6 of the Lair of Beasts)
Wands
 a - a wand of polymorph (0/24)
   (You found it on level 1 of the Spider Nest)
 w - a wand of paralysis (0/24)
   (You found it on level 6 of the Dungeon)
 A - a wand of disintegration (15/24)
   (You found it on level 7 of the Dungeon)
 D - a wand of lightning (6/15)
   (You found it on level 8 of the Dungeon)
 N - a wand of acid (7/15)
   (You found it on level 2 of the Lair of Beasts)
 X - a wand of iceblast (8/15)
   (You found it on level 3 of the Swamp)
 Y - a wand of iceblast (5/15)
   (You found it on level 2 of the Spider Nest)
Scrolls
 d - a scroll of fear
 g - 3 scrolls of teleportation
 h - 4 scrolls of magic mapping {!r}
 j - a scroll of enchant armour
 s - a scroll of blinking {!r}
 z - a scroll of remove curse
 O - 5 scrolls of identify
 P - 2 scrolls of recharging
Potions
 e - a potion of heal wounds
 r - a potion of magic
 t - 6 potions of haste
 x - 3 potions of might
 B - 4 potions of curing
 E - 3 potions of flight
 M - a potion of cure mutation {!q}
Miscellaneous
 S - a fan of gales
   (You found it on level 1 of the Swamp)
Comestibles
 c - 15 bread rations {@e1}
 l - 2 slices of pizza
 m - 33 fruits
 u - 7 beef jerkies
 v - 9 meat rations {@e2}


   Skills:
 + Level 20.3(19.5) Fighting
 + Level 19.3(18.4) Axes
 - Level 10.9(10.2) Armour
 + Level 18.1(17.3) Dodging


You had 16 spell levels left.
You didn't know any spells.

Dungeon Overview and Level Annotations

Branches:
Dungeon (9/15)             Temple (0/1) D:7            Lair (6/6) D:9
  Swamp (4/4) Lair:3       Spider (4/4) Lair:3        Slime (0/5) Lair:5
    Orc (2/2) D:9             Elf (0/3) Orc:2

Altars:
Dithmenos
Fedhas
Kikubaaqudgha
Makhleb
Qazlal
Ru
Sif Muna
Trog
Uskayaw
Vehumet
Yredelemnul
Jiyva

Shops:
D:5 (*[:}   Orc:1 :   Orc:2 %%!(

Annotations:
D:8 exclusion: hydra
Lair:3 exclusion: Gastronok, Gastronok
Spider:3 exclusion: Roxanne, Roxanne


Innate Abilities, Weirdness & Mutations

You reflexively headbutt those who attack you in melee.
You have a pair of horns on your head.
Your muscles are strong. (Str +2)
Your spells are a little harder to cast, but a little more powerful.
You expend magic power (3 MP) to strengthen your wands.


Message History

The redback misses you. The tarantella bites you.
You are confused.
The hornet completely misses you.
You take 1 damage, and have 170/171 hp.
You're too confused!
Your system rejects the healing.
You feel better.
The jumping spider leaps!
The redback closely misses you. You furiously retaliate!
You headbutt the redback, but do no damage.
The hornet closely misses you. The tarantella completely misses you.
You furiously retaliate!
You headbutt the tarantella, but do no damage.
The jumping spider pounces on you!
You are caught in a web!
The jumping spider bites you.
You take 17 damage, and have 153/171 hp.
As you read the scroll of teleportation, it crumbles to dust.
You feel strangely unstable. The redback closely misses you.
The hornet is caught in a web!
The hornet stings you! The tarantella misses you. You furiously retaliate!
You headbutt the tarantella! The jumping spider pounces on you!
The jumping spider bites you. The redback bites you!!
The hornet struggles to get unstuck from the web.
The entropy weaver casts a spell.
The entropic weave corrodes you! The hornet completely misses you.
You furiously retaliate!
You headbutt the hornet! The tarantella bites you!
You are confused.
You take 60 damage, and have 93/171 hp.
MASSIVE DAMAGE!!
You're too confused!
Your system rejects the healing.
You feel better. The jumping spider pounces on you.
The jumping spider barely misses you.
The hornet pulls away from the web.
The redback bites you! The hornet closely misses you.
The tarantella barely misses you. The jumping spider barely misses you.
You furiously retaliate!
You headbutt the jumping spider, but do no damage.
The jumping spider barely misses you.
You take 13 damage, and have 80/171 hp.
Okay, then.
You struggle to detach yourself from the web.
The redback bites you. The hornet stings you.
You feel yourself slow down. The tarantella bites you!
The jumping spider pounces on you!
* * * LOW HITPOINT WARNING * * *
The jumping spider closely misses you. The hornet stings you!
* * * LOW HITPOINT WARNING * * *
The tarantella barely misses you. You furiously retaliate!
You headbutt the tarantella, but do no damage.
The hornet stings you!
* * * LOW HITPOINT WARNING * * *
You take 48 damage, and have 32/171 hp.
MASSIVE DAMAGE!!
Really read
s - 2 scrolls of blinking {!r}?
Blink to where?
You are very lightly contaminated with residual magic.
As you read the scroll of blinking {!r}, it crumbles to dust.
The jumping spider leaps!
The entropy weaver casts a spell.
The entropic weave corrodes you!
You regained 6 hp, and now have 38/171 hp.
As you read the scroll of fear, it crumbles to dust.
You assume a fearsome visage.
The tarantella looks frightened!
The entropy weaver looks frightened!
The hornet looks frightened! x2
The redback looks frightened!
The wolf spider looks frightened!
You feel yourself speed up.
Your surroundings suddenly seem different.
A tarantella comes into view.
The tarantella hisses angrily.
A wolf spider comes into view.
The wolf spider hisses angrily.
Being near the torpor snail leaves you feeling lethargic. 3 redbacks and a torpor snail come into view.
You regained 6 hp, and now have 44/171 hp.
As you read the scroll of teleportation, it crumbles to dust.
You feel strangely unstable.
You regained 6 hp, and now have 50/171 hp.
You are confused.
Your system rejects the healing.
You feel invigorated. The tarantella closely misses you.
The wolf spider completely misses you. The wolf spider bites you.
* * * LOW HITPOINT WARNING * * *
The tarantella bites you!
* * * LOW HITPOINT WARNING * * *
The redback misses you. The wolf spider hits you.
* * * LOW HITPOINT WARNING * * *
The wolf spider completely misses you.
You take 14 damage, and have 36/171 hp.
You slice the tarantella!!
Your weapon exudes an aura of protection.
You hit the redback but do no damage.
You hit the torpor snail but do no damage.
You hit the wolf spider but do no damage.
The tarantella completely misses you. The redback misses you.
The wolf spider hits you!
* * * LOW HITPOINT WARNING * * *
The wolf spider bites you!
* * * LOW HITPOINT WARNING * * *
The redback bites you!
* * * LOW HITPOINT WARNING * * *
The torpor snail bites you!
You die...

#..#.##.. ..........#
........ .^
....#.....# ...#.....
#.
.#.#......#....#.....
. ..........#....
#............
#.......[..#
#..w....#...
#..s@s......
#^....#s#....# #.....


ss. ..# #..... ....# . ###..# ....# ### ##^.# ### You could see a torpor snail,
a wolf spider, a tarantella and 3 redbacks.

Vanquished Creatures
  Arachne (Spider:2)
  2 tentacled monstrosities
  Rupert (Lair:4)
  6 thorn hunters
  3 emperor scorpions
  A ghost moth (Spider:2)
  2 entropy weavers
  2 green draconians (Swamp:3)
  Azrael (Spider:3)
  2 dire elephants (Lair:6)
  22 hydras
  6 alligators
  A ghost crab (Swamp:4)
  An anaconda (Lair:6)
  10 death yaks
  5 orc high priests (Orc:2)
  A spriggan berserker (Swamp:4)
  A spriggan druid (Swamp:4)
  12 swamp dragons
  A lindwurm (Lair:3)
  5 orc knights
  6 orb spiders
  An orc sorcerer (Orc:2)
  A cyclops (Orc:2)
  27 wolf spiders
  2 moths of wrath (Spider:2)
  An oklob plant (Lair:6)
  A salamander (Spider:1)
  2 black mambas
  10 elephants
  A torpor snail (Spider:1)
  2 rime drakes
  15 spiny frogs
  8 komodo dragons
  8 demonic crawlers
  5 trolls
  6 tyrant leeches
  24 jumping spiders
  2 polar bears
  8 hornets
  A two-headed ogre (Orc:1)
  6 hippogriffs
  5 bog bodies
  2 dream sheep (D:9)
  15 slime creatures
  63 redbacks
  A shadow (Swamp:3)
  A fire elemental (Spider:3)
  23 tarantellas
  27 yaks
  8 spriggans
  A human (Spider:1)
  3 wyverns
  6 vampire mosquitoes
  A basilisk (Lair:2)
  18 swamp worms
  16 insubstantial wisps
  11 water moccasins
  5 hell hounds (Spider:3)
  8 porcupines
  18 swamp drakes
  9 ogres
  29 orc warriors
  A black bear (D:9)
  2 ice beasts
  A sky beast (D:9)
  5 centaurs
  9 wolves
  11 crocodiles
  3 big kobolds (D:9)
  16 bullfrogs
  2 earth elementals (Spider:3)
  A gnoll sergeant (D:8)
  2 water moccasin zombies (D:7)
  3 scorpions
  10 killer bees
  3 wights (D:6)
  5 electric eels
  2 bullfrog zombies
  A centaur zombie (D:7)
  3 crimson imps
  A quasit (D:8)
  4 jellies
  2 hounds
  18 orc priests
  6 orc wizards
  A bullfrog skeleton (D:4)
  4 iguanas
  5 worker ants
  12 gnolls
  8 adders
  2 shadow imps
  An adder zombie (D:6)
  An adder skeleton (D:9)
  A worm (D:2)
  4 dart slugs
  5 leopard geckos
  70 orcs
  7 giant cockroaches
  4 goblins
  4 hobgoblins
  8 jackals
  6 kobolds
  5 quokkas
  6 bats
  9 frilled lizards
  7 rats
  4 briar patches (Swamp:3)
  A fungus (Lair:3)
  6 plants
785 creatures vanquished.

Vanquished Creatures (collateral kills)
  The ghost of Xiguana the Executioner, an adept HOBe of Trog (Spider:4)
  A thorn hunter (Swamp:4)
  Louise (Swamp:4)
  A dire elephant (Lair:6)
  A spriggan berserker (Swamp:4)
  An orb spider (Spider:4)
  A redback (Spider:4)
7 creatures vanquished.

Vanquished Creatures (others)
  An alligator (Swamp:4)
  A jumping spider (Spider:4)
  An earth elemental (Spider:3)
  3 plants
6 creatures vanquished.

Grand Total: 798 creatures vanquished

Notes
Turn   | Place    | Note
-------+----------+-------------------------------------------
     0 | D:1      | esc the Minotaur Berserker began the quest for the Orb.
     0 | D:1      | Reached XP level 1. HP: 19/19 MP: 0/0
   110 | D:1      | Reached XP level 2. HP: 25/27 MP: 1/1
   447 | D:1      | Reached skill level 4 in Fighting
   523 | D:2      | Reached ** piety under Trog
   535 | D:2      | Reached skill level 4 in Axes
   535 | D:2      | Reached XP level 3. HP: 33/33 MP: 2/2
   622 | D:2      | Reached skill level 3 in Armour
   717 | D:2      | Reached skill level 3 in Dodging
  1316 | D:2      | Found a deep blue altar of Sif Muna.
  1399 | D:3      | Reached XP level 4. HP: 40/40 MP: 3/3
  1541 | D:3      | Found a shadowy altar of Dithmenos.
  2194 | D:4      | Gained mutation: Your muscles are strong. (Str +2) [potion of mutation]
  2194 | D:4      | Gained mutation: You expend magic power (3 MP) to strengthen your wands. [potion of mutation]
  2194 | D:4      | Gained mutation: Your spells are a little harder to cast, but a little more powerful. [potion of mutation]
  2240 | D:4      | Reached skill level 4 in Armour
  2400 | D:4      | Reached XP level 5. HP: 37/47 MP: 4/4
  2509 | D:4      | Reached *** piety under Trog
  2710 | D:5      | Entered Level 5 of the Dungeon
  2710 | D:5      | Noticed a centaur
  2755 | D:5      | Found Xavok Cas's General Store.
  2757 | D:5      | Found Kigip's Antique Armour Boutique.
  2774 | D:5      | Bought a scroll of identify for 22 gold pieces
  2774 | D:5      | Bought a potion of heal wounds for 55 gold pieces
  2808 | D:5      | Noticed a centaur
  2817 | D:5      | HP: 9/47 [centaur (5)]
  2818 | D:5      | Killed a centaur
  2818 | D:5      | Reached skill level 5 in Fighting
  2818 | D:5      | Reached skill level 5 in Axes
  2818 | D:5      | Reached skill level 4 in Dodging
  2818 | D:5      | Reached XP level 6. HP: 11/56 MP: 5/5
  2841 | D:5      | HP: 6/56 [centaur/arrow (10)]
  2865 | D:5      | Found Ninogy's Antique Weapon Shop.
  2877 | D:5      | Reached skill level 5 in Armour
  2940 | D:5      | HP: 10/56 [orc wizard/magic dart (8)]
  3214 | D:5      | Found Eshrot's Book Boutique.
  3219 | D:5      | Found Xorov's Gadget Shop.
  3285 | D:5      | Found a basalt altar of Yredelemnul.
  3355 | D:6      | Reached XP level 7. HP: 48/62 MP: 6/6
  3393 | D:6      | Reached skill level 6 in Fighting
  3485 | D:6      | Found a blossoming altar of Fedhas.
  3538 | D:6      | Found a hide-covered altar of Uskayaw.
  3707 | D:6      | HP: 14/63 [gnoll/spear (9)]
  3714 | D:6      | HP: 19/94 [gnoll/flail (1)]
  3719 | D:6      | Reached skill level 5 in Dodging
  3720 | D:6      | Reached skill level 6 in Axes
  3747 | D:6      | HP: 7/64 [wight/enchanted great sword (11)]
  3755 | D:6      | HP: 7/96 [gnoll/spear (4)]
  3760 | D:6      | HP: 11/96 [gnoll/spear (1)]
  3858 | D:6      | HP: 16/64 [poisoned by a scorpion]
  3977 | D:6      | Reached skill level 6 in Armour
  3977 | D:6      | Reached XP level 8. HP: 49/71 MP: 7/7
  4213 | D:6      | Reached skill level 7 in Fighting
  4474 | D:7      | Reached skill level 6 in Dodging
  4480 | D:7      | Reached skill level 7 in Axes
  4575 | D:7      | Reached skill level 7 in Armour
  4724 | D:7      | Found a bloodstained altar of Trog.
  4794 | D:7      | Reached skill level 8 in Fighting
  4797 | D:7      | Reached XP level 9. HP: 73/81 MP: 8/8
  4835 | D:7      | Found a staircase to the Ecumenical Temple.
  4956 | D:8      | Reached skill level 7 in Dodging
  5015 | D:8      | Reached **** piety under Trog
  5026 | D:8      | Noticed a troll
  5035 | D:8      | Reached skill level 8 in Axes
  5036 | D:8      | Killed a troll
  5036 | D:8      | Reached skill level 8 in Armour
  5554 | D:8      | Got a pair of distressingly furry boots
  5565 | D:8      | Identified the cursed +0 pair of boots "Sourch" {*Drain Regen+ Slay+2} (You found it on level 8 of the Dungeon)
  5619 | D:8      | Noticed a seven-headed hydra
  5688 | D:8      | Found a shadowy altar of Dithmenos.
  5788 | D:9      | Found a stormy altar of Qazlal.
  5817 | D:9      | Found a burning altar of Makhleb.
  5838 | D:9      | Reached skill level 9 in Fighting
  5848 | D:8      | Reached skill level 8 in Dodging
  5935 | D:9      | Reached skill level 9 in Axes
  6047 | D:8      | Reached skill level 9 in Armour
  6174 | D:9      | Reached XP level 10. HP: 82/91 MP: 9/9
  6239 | D:9      | Found a staircase to the Orcish Mines.
  6277 | D:9      | Received a gift from Trog
  6376 | D:5      | Bought the +2 robe of Vines {NoDeviceHeal Regen+7} for 407 gold pieces
  6462 | D:9      | Found an ancient bone altar of Kikubaaqudgha.
  6462 | D:9      | Found a sacrificial altar of Ru.
  6607 | D:9      | Reached skill level 10 in Fighting
  6607 | D:9      | Reached skill level 9 in Dodging
  6651 | D:9      | Noticed a three-headed hydra
  6655 | D:9      | Killed a one-headed hydra
  6662 | D:9      | Reached ***** piety under Trog
  6683 | D:9      | Noticed a death yak
  6696 | D:9      | Reached skill level 10 in Axes
  6724 | D:9      | Reached skill level 10 in Armour
  6746 | D:9      | Found a staircase to the Lair.
  6784 | Lair:1   | Entered Level 1 of the Lair of Beasts
  6859 | Lair:1   | Found a hide-covered altar of Uskayaw.
  7237 | Lair:1   | Reached XP level 11. HP: 88/101 MP: 10/10
  7312 | Lair:1   | Reached skill level 10 in Dodging
  7569 | D:9      | Killed a death yak
  7569 | D:9      | Reached skill level 11 in Fighting
  7972 | Lair:2   | Noticed a five-headed hydra
  7982 | Lair:2   | Killed a two-headed hydra
  8255 | Lair:2   | Reached skill level 11 in Axes
  8802 | Lair:3   | Found a staircase to the Swamp.
  8802 | Lair:3   | Noticed a five-headed hydra
  8812 | Lair:2   | Killed a two-headed hydra
  8861 | Lair:3   | Noticed Gastronok
  9008 | Lair:3   | Reached skill level 11 in Dodging
  9014 | Lair:3   | Reached skill level 12 in Fighting
  9041 | Lair:3   | Found a hole to the Spider Nest.
  9447 | Lair:3   | Reached skill level 12 in Axes
  9545 | Lair:3   | Noticed a lindwurm
  9562 | Lair:3   | Killed a lindwurm
  9590 | Spider:1 | Entered Level 1 of the Spider Nest
  9593 | Spider:1 | Reached XP level 12. HP: 113/113 MP: 11/11
  9597 | Spider:1 | Received a gift from Trog
  9917 | Lair:4   | Noticed Rupert
  9928 | Lair:4   | Killed Rupert
  9928 | Lair:4   | Reached skill level 12 in Dodging
  9998 | Lair:4   | Reached skill level 13 in Fighting
 10010 | Lair:4   | Reached skill level 13 in Axes
 10192 | Lair:4   | Noticed a death yak
 10193 | Lair:4   | Noticed a death yak
 10194 | Lair:4   | Noticed a death yak
 10230 | Lair:4   | Killed a death yak
 10232 | Lair:4   | Killed a death yak
 10232 | Lair:4   | Received a gift from Trog
 10235 | Lair:4   | Killed a death yak
 10889 | Lair:5   | Found a viscous altar of Jiyva.
 10889 | Lair:5   | Found a staircase to the Slime Pits.
 10973 | Lair:5   | Reached skill level 13 in Dodging
 10973 | Lair:5   | Reached XP level 13. HP: 113/123 MP: 12/12
 11042 | Lair:5   | Reached skill level 14 in Fighting
 11065 | Lair:5   | Reached skill level 14 in Axes
 11624 | Lair:6   | Entered Level 6 of the Lair of Beasts
 11887 | Lair:6   | Found a radiant altar of Vehumet.
 12805 | Lair:6   | Noticed a dire elephant
 12805 | Lair:6   | Noticed a dire elephant
 12819 | Lair:6   | Killed a dire elephant
 12819 | Lair:6   | Reached skill level 14 in Dodging
 12823 | Lair:6   | Killed a dire elephant
 12823 | Lair:6   | Reached skill level 15 in Fighting
 12955 | Lair:6   | Noticed a dire elephant
 12963 | Lair:6   | Killed a dire elephant
 13150 | D:9      | Received a gift from Trog
 13187 | Orc:1    | Entered Level 1 of the Orcish Mines
 13247 | Orc:1    | Reached skill level 15 in Axes
 13271 | Orc:1    | Found Roetzug's Book Boutique.
 13330 | Orc:2    | Entered Level 2 of the Orcish Mines
 13529 | Orc:2    | Found a staircase to the Elven Halls.
 13607 | Orc:2    | Received a gift from Trog
 13876 | Orc:2    | Reached XP level 14. HP: 109/135 MP: 13/13
 14090 | Orc:2    | Found Eshrot's Food Shop.
 14093 | Orc:2    | Found Niggah's Distillery.
 14094 | Orc:2    | Found Edihepeifo's Food Shop.
 14095 | Orc:2    | Found Vouggeat's Antique Weapon Shop.
 14099 | Orc:2    | Bought a potion of experience for 700 gold pieces
 14102 | Orc:2    | Reached skill level 16 in Fighting
 14102 | Orc:2    | Reached XP level 15. HP: 146/146 MP: 14/14
 14264 | Swamp:1  | Entered Level 1 of the Swamp
 14290 | Swamp:1  | Reached skill level 17 in Fighting
 14676 | Swamp:1  | Found a runed door.
 14676 | Swamp:1  | Noticed a tentacled monstrosity
 14851 | Swamp:1  | Killed a tentacled monstrosity
 14851 | Swamp:1  | Reached skill level 15 in Dodging
 14891 | Swamp:1  | Reached ****** piety under Trog
 14902 | Swamp:1  | Noticed a thorn hunter
 14910 | Swamp:1  | Killed a thorn hunter
 14928 | Swamp:2  | Reached skill level 16 in Axes
 15275 | Swamp:2  | Received a gift from Trog
 15593 | Swamp:3  | Noticed a thorn hunter
 15618 | Swamp:3  | Killed a thorn hunter
 15886 | Swamp:3  | Got a heavily jewelled robe
 15887 | Swamp:3  | Identified the cursed +0 robe "Wotidghuc" {rF+ rC+ Regen+ Stlth+} (You found it on level 3 of the Swamp)
 16324 | Swamp:3  | Reached skill level 18 in Fighting
 16513 | Swamp:4  | Entered Level 4 of the Swamp
 16521 | Swamp:4  | Noticed a thorn hunter
 16529 | Swamp:4  | Killed a thorn hunter
 16600 | Swamp:4  | Noticed Louise
 16600 | Swamp:4  | Noticed a thorn hunter
 16610 | Swamp:4  | Killed Louise
 16611 | Swamp:4  | HP: 35/149 [thorn hunter (27)]
 16612 | Swamp:4  | Killed a thorn hunter
 16612 | Swamp:4  | Reached skill level 17 in Axes
 16612 | Swamp:4  | Reached XP level 16. HP: 34/157 MP: 15/15
 16755 | Swamp:4  | Reached skill level 16 in Dodging
 16800 | Swamp:4  | HP: 38/158 [something (9)]
 16838 | Swamp:4  | Noticed a thorn hunter
 16925 | Swamp:4  | Noticed a tentacled monstrosity
 16935 | Swamp:4  | Killed a tentacled monstrosity
 17067 | Swamp:4  | HP: 30/159 [six-headed hydra (15)]
 17073 | Swamp:4  | HP: 34/159 [swamp dragon (10)]
 17098 | Swamp:4  | Noticed a thorn hunter
 17143 | Swamp:4  | Killed a thorn hunter
 17219 | Swamp:4  | Killed a thorn hunter
 17255 | Swamp:4  | Received a gift from Trog
 17277 | Swamp:4  | Reached skill level 19 in Fighting
 17333 | Swamp:4  | Got a decaying rune of Zot
 17504 | Swamp:4  | Noticed a thorn hunter
 17515 | Swamp:4  | Killed a thorn hunter
 17835 | Spider:1 | Reached skill level 18 in Axes
 17883 | Spider:1 | Reached skill level 17 in Dodging
 17920 | Spider:1 | Identified Sif Muna's Catalogue of Lethal Summoning
 17924 | Spider:1 | Received a gift from Trog
 18381 | Spider:1 | Reached XP level 17. HP: 168/168 MP: 16/16
 18463 | Spider:2 | Received a gift from Trog
 18539 | Spider:2 | Noticed Arachne
 18596 | Spider:2 | Received a gift from Trog
 18611 | Spider:2 | Killed Arachne
 19021 | Spider:2 | Reached skill level 20 in Fighting
 19218 | Spider:3 | Noticed Roxanne
 19238 | Spider:3 | Noticed Azrael
 19250 | Spider:3 | Killed Azrael
 19271 | Spider:3 | Reached skill level 19 in Axes
 19592 | Spider:4 | Entered Level 4 of the Spider Nest
 19602 | Spider:4 | Reached skill level 18 in Dodging
 19687 | Spider:4 | Noticed Xiguana's ghost (adept HOBe)
 19700 | Spider:4 | Killed Xiguana's ghost
 19715 | Spider:4 | Received a gift from Trog
 19907 | Spider:4 | HP: 42/171 [hornet (9)]
 19912 | Spider:4 | HP: 30/171 [wolf spider[a torpor snail] (12)]
 19912 | Spider:4 | HP: 10/171 [redback (11)]
 19912 | Spider:4 | Slain by a torpor snail

Vault maps used:
D:1:      lemuel_arrival_room
D:2:      roderic_filled_cross, lemuel_blue_sif_altar
D:3:      first_bread, grunt_dithmenos_smoke_and_mirrors
D:4:      hex_tiny
D:5:      kennysheep_little_box, serial_shops, shop, shop, shop, shop,
          nicolae_shop_overgrown_old_shop
D:6:      overflow_temple_1_default, fedhas_bush_and_centaur_altar
D:7:      kennysheep_mini
D:8:      nicolae_overflow_hidden_temple
D:9:      bloody_makhleb, lemuel_round_altar,
          gammafunk_temple_overflow_elements, dpeg_lair_monsters,
          hiddenorc2_lemuel, hangedman_ranch
Lair:1:   basic_altar, small_statue_intersection, beast_lair_carwin_10
Lair:3:   minmay_swamp_entry_reptiles, dummy_spider_entry,
          serial_bayou_lagoon_a, uniq_gastronok
Lair:4:   beast_lair_carwin_5, uniq_rupert
Lair:5:   slime_altar_1
Lair:6:   due_jungle_book, lemuel_oklob_altar, serial_bayou_shore_a,
          grunt_megastairs_2, bh_autumn_forest_stairs
Swamp:1:  cheibrodos_swamp_sealed, nicolae_swamp_dense_foliage
Swamp:2:  evilmike_swamp_ruin_house_4
Swamp:3:  serial_swamp_ruin, evilmike_swamp_ruin_house_6,
          evilmike_swamp_ruin_house_5, hangedman_swamp_ruin_hall, swamp_pool1,
          hangedman_swamp_cone, hangedman_swamp_dais
Swamp:4:  swamp_basic_johnstein, swamp_pool3, nicolae_swamp_fairy_circle,
          hangedman_swamp_diagram, uniq_louise
Spider:1: hangedman_spider_mandibles, nicolae_spider_nook
Spider:2: hangedman_spider_tarantella_strand, uniq_arachne
Spider:3: hangedman_stitches_earthworm, uniq_azrael, uniq_roxanne
Spider:4: johnstein_spider_rune_arachne_lair, nicolae_spider_cling_ruins
Orc:1:    serial_shops, shop
Orc:2:    st_orc_pillars

Skill      XL: |  1  2  3  4  5  6  7  8  9 10 11 12 13 14 15 16 17 |
---------------+----------------------------------------------------+-----
Fighting       | 4 5 6 8 9 10 12 13 15 16 18 19 20 | 20.3
Axes           | 4 5 6 7 9 10 12 13 15 17 18 19 | 19.3
Armour         | 3 4 5 6 7 9 10 | 10.9
Dodging        | 3 4 5 6 8 9 11 13 14 15 17 18 | 18.1

Action                   |  1- 3 |  4- 6 |  7- 9 | 10-12 | 13-15 | 16-18 || total
-------------------------+-------+-------+-------+-------+-------+-------++-------
Melee: Hand axe          |    77 |   103 |   311 |   167 |       |       ||   658
       Headbutt          |    11 |    15 |    61 |   115 |   142 |   139 ||   483
       Falchion          |       |       |       |    12 |    15 |       ||    27
       War axe           |       |       |       |   119 |       |       ||   119
       Broad axe         |       |       |       |    63 |       |       ||    63
       Battleaxe         |       |       |       |    81 |   518 |   377 ||   976
       Executioner's axe |       |       |       |       |    16 |   177 ||   193
Throw: Stone             |       |       |    18 |       |       |       ||    18
Invok: Burn Spellbooks   |     1 |       |       |       |     2 |     2 ||     5
       Berserk           |       |     2 |     4 |     4 |     1 |     4 ||    15
       Trog's Hand       |       |     2 |     2 |     1 |       |     1 ||     6
       Brothers in Arms  |       |       |       |       |     2 |     2 ||     4
Evoke: Wand              |       |       |     1 |       |       |    11 ||    12
  Use: Scroll            |       |    15 |     6 |     6 |     5 |    16 ||    48
       Potion            |       |     2 |     3 |       |     1 |     3 ||     9
 Stab: Sleeping          |     1 |     1 |       |     8 |     5 |       ||    15
       Paralysed         |       |       |     7 |       |       |     2 ||     9
       Distracted        |       |       |       |       |     1 |       ||     1
       Confused          |       |       |       |       |       |     1 ||     1
  Eat: Chunk             |     2 |     8 |    15 |    19 |    15 |     9 ||    68
       Royal jelly       |       |       |       |       |     2 |       ||     2
       Pizza             |       |       |       |       |     1 |     6 ||     7
Armor: Animal skin       |    11 |    18 |    52 |     1 |       |       ||    82
       Skin              |       |       |    74 |       |       |       ||    74
       Robe              |       |       |       |    85 |    88 |   201 ||   374
Dodge: Dodged            |    51 |    75 |   230 |   395 |   493 |   936 ||  2180
       Rpst.: Falchion   |       |       |       |     6 |     3 |       ||     9

Vault maps used:
D:1:      lemuel_arrival_room
D:2:      roderic_filled_cross, lemuel_blue_sif_altar
D:3:      first_bread, grunt_dithmenos_smoke_and_mirrors
D:4:      hex_tiny
D:5:      kennysheep_little_box, serial_shops, shop, shop, shop, shop,
          nicolae_shop_overgrown_old_shop
D:6:      overflow_temple_1_default, fedhas_bush_and_centaur_altar
D:7:      kennysheep_mini
D:8:      nicolae_overflow_hidden_temple
D:9:      bloody_makhleb, lemuel_round_altar,
          gammafunk_temple_overflow_elements, dpeg_lair_monsters,
          hiddenorc2_lemuel, hangedman_ranch
Lair:1:   basic_altar, small_statue_intersection, beast_lair_carwin_10
Lair:3:   minmay_swamp_entry_reptiles, dummy_spider_entry,
          serial_bayou_lagoon_a, uniq_gastronok
Lair:4:   beast_lair_carwin_5, uniq_rupert
Lair:5:   slime_altar_1
Lair:6:   due_jungle_book, lemuel_oklob_altar, serial_bayou_shore_a,
          grunt_megastairs_2, bh_autumn_forest_stairs
Swamp:1:  cheibrodos_swamp_sealed, nicolae_swamp_dense_foliage
Swamp:2:  evilmike_swamp_ruin_house_4
Swamp:3:  serial_swamp_ruin, evilmike_swamp_ruin_house_6,
          evilmike_swamp_ruin_house_5, hangedman_swamp_ruin_hall, swamp_pool1,
          hangedman_swamp_cone, hangedman_swamp_dais
Swamp:4:  swamp_basic_johnstein, swamp_pool3, nicolae_swamp_fairy_circle,
          hangedman_swamp_diagram, uniq_louise
Spider:1: hangedman_spider_mandibles, nicolae_spider_nook
Spider:2: hangedman_spider_tarantella_strand, uniq_arachne
Spider:3: hangedman_stitches_earthworm, uniq_azrael, uniq_roxanne
Spider:4: johnstein_spider_rune_arachne_lair, nicolae_spider_cling_ruins
Orc:1:    serial_shops, shop
Orc:2:    st_orc_pillars

Table legend:
 A = Turns spent in this place as a percentage of turns spent in the entire game.
 B = Non-inter-level travel turns spent in this place as a percentage of non-inter-level travel turns spent in the entire game.
 C = Inter-level travel turns spent in this place as a percentage of turns spent in this place.
 D = Turns resting spent in this place as a percentage of non-inter-level travel turns spent in this place.
 E = Turns spent auto-exploring this place as a percentage of non-inter-level travel turns spent in this place.
 F = Non-inter-level travel turns spent in this place divided by the number of levels of this place that you've seen.
                   A       B       C       D       E      F
               +-------+-------+-------+-------+-------+----------------------
         Total | 100.0 | 100.0 |   0.9 |   0.4 |   8.9 | 248.7
       Dungeon |  34.5 |  34.4 |   1.2 |   0.6 |  10.4 | 237.9
          Lair |  23.2 |  23.1 |   1.3 |   0.0 |   9.0 | 239.7
         Swamp |  17.8 |  17.8 |   0.9 |   0.4 |   8.2 | 277.2
   Spider Nest |  16.6 |  16.7 |   0.3 |   0.8 |   7.2 | 259.0
  Orcish Mines |   7.9 |   7.9 |   0.4 |   0.0 |   7.1 | 246.5
               +-------+-------+-------+-------+-------+----------------------

Table legend:
 A = Kills in this place as a percentage of kills in entire the game.
 B = Kills by you in this place as a percentage of kills by you in the entire game.
 C = Kills by friends in this place as a percentage of kills by friends in the entire game.
 D = Other kills in this place as a percentage of other kills in the entire game.
 E = Experience gained in this place as a percentage of experience gained in the entire game.
 F = Experience gained in this place divided by the number of levels of this place that you have seen.
                   A       B       C       D       E      F
               +-------+-------+-------+-------+-------+----------------------
         Total | 100.0 | 100.0 | 100.0 | 100.0 | 100.0 | 8814.3
       Dungeon |  27.4 |  27.8 |   0.0 |   0.0 |   4.9 | 1196.9
          Lair |  17.1 |  17.2 |  14.3 |   0.0 |  20.6 | 7577.0
         Swamp |  20.3 |  20.0 |  42.9 |  33.3 |  37.4 | 20604.5
   Spider Nest |  22.8 |  22.5 |  42.9 |  66.7 |  30.6 | 16843.5
  Orcish Mines |  12.4 |  12.5 |   0.0 |   0.0 |   6.5 | 7166.0
               +-------+-------+-------+-------+-------+----------------------
